 Dungeon Crawl Stone Soup version 0.22-b1-26-g9dbaab1 (webtiles) character file.

807 Goblin1989 the Grappler (level 7, -2/66 HPs)
             Began as a Troll Monk on Aug 8, 2018.
             Slain by Menkaure (19 damage)
             ... on level 5 of the Dungeon.
             The game lasted 00:09:20 (3127 turns).

Goblin1989 the Grappler (Troll Monk)                Turns: 3127, Time: 00:09:21

Health: -2/66      AC:  5    Str: 20    XL:     7   Next: 60%
Magic:  6/6        EV: 10    Int:  6    God:
Gold:   217        SH:  0    Dex: 14    Spells: 6/6 levels left

rFire    . . .     SeeInvis .     - Unarmed
rCold    . . .     Gourm    +   (no shield)
rNeg     . . .     Faith    .   a - +0 robe
rPois    .         Spirit   .   (helmet restricted)
rElec    .         Reflect  .   (no cloak)
rCorr    .         Harm     .   (gloves unavailable)
MR       +....                  (boots unavailable)
Stlth    ++........             (no amulet)
HPRegen  0.61/turn              m - ring of protection from magic
MPRegen  0.10/turn              (no ring)

@: lethally poisoned (-2 -> -2)
A: large, unfitting armour, claws 3, fast metabolism 3, gourmand, regeneration
1, shaggy fur 1, tough skin 2
a: no special abilities


You were on level 5 of the Dungeon.
You were completely stuffed.

You visited 1 branch of the dungeon, and saw 5 of its levels.

You collected 217 gold pieces.

Inventory:

Missiles
 g - 5 javelins (quivered) {@Q2}
 i - 5 large rocks {!d, @Q4}
Armour
 a - a +0 robe (worn)
Jewellery
 m - a ring of protection from magic (left claw)
Wands
 D - a wand of digging (16) {@v1}
Scrolls
 f - a scroll of enchant weapon {unknown}
 n - 3 scrolls of remove curse {unknown}
 o - 3 scrolls of identify {unknown}
 q - 2 scrolls of blinking {unknown}
 w - a scroll of fog {unknown}
 x - a scroll of teleportation {unknown}
 y - a scroll of random uselessness {unknown}
 A - a scroll of enchant armour {unknown}
 E - 2 scrolls of fear {unknown}
Potions
 p - a potion of heal wounds
 r - 2 potions of flight {unknown}
 s - 2 potions of haste {unknown}
 u - 3 potions of curing {unknown}
 z - a potion of agility {unknown}
 C - a potion of degeneration {unknown}
Comestibles
 e - 8 rations
 F - a chunk of flesh


   Skills:
 - Level 2.4 Fighting
 - Level 2.4 Dodging
 - Level 1.0 Stealth
 + Level 9.1 Unarmed Combat


You had 6 spell levels left.
You didn't know any spells.
Your spell library contained the following spells:

 Spells                   Type           Power        Failure   Level  Hunger
 Confuse                  Hex            #.......     83%         3    ####...
 Confusing Touch          Hex            #.....       45%         1    ##.....
 Metabolic Englaciation   Hex/Ice        #.........   100%        5    ######.
 Petrify                  Tmut/Erth      #.......     99%         4    #####..
 Gell's Gravitas          Tloc           #.........   83%         3    ####...
 Yara's Violent Unravell  Hex/Tmut       #.........   100%        5    ######.


Dungeon Overview and Level Annotations

Branches:
Dungeon (5/15)
 Temple: D:4-7

Altars:
Ru
Xom
Yredelemnul

Portals:
Sewer: D:5

Annotations:
D:5 Menkaure


Innate Abilities, Weirdness & Mutations

You are too large for most types of armour.
You have claws for hands.
Your metabolism is lightning-fast.
You like to eat raw meat.
Your natural rate of healing is unusually fast.
You are covered in fur. (AC +1)
You have very tough skin. (AC +2)


Message History

The orc hits you with a mace.
* * * LOW HITPOINT WARNING * * *
The jackal barely misses you.
You take 3 damage, and have 3/66 hp.
A worker ant comes into view.
The jackal bites you.
* * * LOW HITPOINT WARNING * * *
You take 2 damage, and have 2/66 hp.
Unknown command.
You closely miss the jackal.
The worker ant twitches its antennae in your direction.
The jackal barely misses you.
You claw the jackal!
You kill the jackal!
You mangle the orc!!
You kill the orc!
Unknown command.
The orc hits you with a mace.
* * * LOW HITPOINT WARNING * * *
Things that are here:
a mace; a jackal corpse You scratch the orc.
The orc is severely wounded.
The orc hits you with a mace.
* * * LOW HITPOINT WARNING * * *
You take 2 damage, and have 1/66 hp.
You claw the orc!
You kill the orc!
A jackal comes into view.
It was a potion of heal wounds.
You feel much better.
You regained 22 hp, and now have 24/66 hp.
Unknown command.
The jackal barks!
The worker ant bites you.
* * * LOW HITPOINT WARNING * * *
You take 3 damage, and have 21/66 hp.
What are your orders? t - Shout!
Orders for allies: a - Attack new target. r - Retreat! s - Stop attacking. g - Guard the area. f - Follow me.
Anything else - Cancel.
You shout for attention!
The jackal barks!
You hear a shout!
The worker ant bites you.
* * * LOW HITPOINT WARNING * * *
You are poisoned.
The worker ant poisons you!
You take 5 damage, and have 16/66 hp.
Unknown command.
You claw the worker ant!
The worker ant is severely wounded.
You feel sick. The worker ant barely misses you.
You take 1 damage, and have 15/66 hp.
You claw the worker ant!
You kill the worker ant!
You feel sick.
You feel sick.
Menkaure, Prince of Dust comes into view.
You claw the jackal!
You kill the jackal!
You miss the jackal.
You feel sick. The jackal closely misses you.
You claw the jackal!
You kill the jackal!
Items here: ) ††† a mace; a jackal corpse x3
You feel sick.
You see here a mace.
You feel sick.
Menkaure gestures at you while chanting.
Pain shoots through your body!
* * * LOW HITPOINT WARNING * * *
You take 13 damage, and have 3/66 hp.
You feel much better.
Menkaure casts a spell.
Menkaure seems to speed up.
You regained 25 hp, and now have 28/66 hp.
You feel sick.
You take 1 damage, and have 28/66 hp.
Menkaure calls on the powers of darkness!
Your body is wracked with pain!
* * * LOW HITPOINT WARNING * * *
You take 12 damage, and have 16/66 hp.
You feel sick.
You scratch Menkaure.
Menkaure is moderately damaged.
You feel sick.
Menkaure whispers drily.
Menkaure misses you.
You scratch Menkaure.
Menkaure is moderately damaged.
Menkaure hits you.
* * * LOW HITPOINT WARNING * * *
You take 2 damage, and have 16/66 hp.
You closely miss Menkaure.
Menkaure is moderately damaged.
Menkaure barely misses you.
You barely miss Menkaure.
Menkaure is moderately damaged.
Menkaure hits you!!
You die...

..........██.█··..█.█.██.█···█▓·▓
......█.█.██.█·██.█·...█.█··.██·▓
......█.█.██.█.██.███..█.█·....·▓
..!.....█.██.█.██.█....█.█..███▓▓
...†███.█......██.......)......··
?....))....█.████....(.))......▓▓
...████........██......███████.··
.............█.██.██...█SS≈≈s█.▓▓
...........██..M@..█...█S≈∩≈s▲.▓·
.█.........██..██████..█≈≈≈≈≈█.▓·
.█........†██..█ █..███████.▓·
.█.........██..█▓▓▓▓█..........▓·
.█.........██..█····.....████..▓·
.█████████.██...····.....█ ▓▓>▓·
.█·······█.██.██·▓··.....█▓▓▓▓·▓·
·▓·▓▓▓▓▓·......··▓·······▲·····▓·
·▓·▓ ▓·...··▓··▓·······▓▓▓▓▓▓▓▓


You could see Menkaure.

Vanquished Creatures
  A sky beast (D:5)
  A phantom (D:4)
  A howler monkey (D:4)
  A bullfrog zombie (D:4)
  2 hounds
  An orc priest (D:4)
  A centaur skeleton (D:5)
  Jessica (D:2)
  4 worker ants
  A hound zombie (D:5)
  A hound skeleton (D:4)
  7 gnolls (D:4)
  7 adders
  An ooze (D:2)
  An adder skeleton (D:4)
  4 worms
  2 dart slugs
  5 leopard geckos
  18 orcs
  3 ball pythons
  4 giant cockroaches
  7 goblins
  10 hobgoblins
  11 jackals
  3 quokkas
  9 bats
  5 frilled lizards
  5 kobolds
  A quokka skeleton (D:5)
  10 rats
128 creatures vanquished.

Notes
Turn   | Place    | Note
-------+----------+-------------------------------------------
     0 | D:1      | Goblin1989 the Troll Monk began the quest for the Orb.
     0 | D:1      | Reached XP level 1. HP: 22/22 MP: 0/0
   135 | D:1      | Reached XP level 2. HP: 20/29 MP: 1/1
   260 | D:1      | Reached skill level 4 in Unarmed Combat
   421 | D:1      | Reached XP level 3. HP: 35/36 MP: 2/2
   801 | D:2      | Noticed Jessica
   813 | D:2      | Killed Jessica
   813 | D:2      | Reached skill level 5 in Unarmed Combat
   813 | D:2      | Reached XP level 4. HP: 33/44 MP: 3/3
  1049 | D:2      | Found a basalt altar of Yredelemnul.
  1131 | D:2      | Found a sacrificial altar of Ru.
  1463 | D:3      | Reached XP level 5. HP: 50/50 MP: 4/4
  1651 | D:3      | Reached skill level 6 in Unarmed Combat
  2256 | D:4      | Reached XP level 6. HP: 50/59 MP: 5/5
  2262 | D:4      | Reached skill level 7 in Unarmed Combat
  2574 | D:4      | Reached skill level 8 in Unarmed Combat
  2656 | D:4      | Reached XP level 7. HP: 59/66 MP: 6/6
  2873 | D:4      | Found a shimmering altar of Xom.
  2982 | D:5      | Entered Level 5 of the Dungeon
  3048 | D:5      | Found a glowing drain.
  3084 | D:5      | Reached skill level 9 in Unarmed Combat
  3089 | D:5      | HP: 3/66 [orc/mace (4)]
  3096 | D:5      | HP: 3/66 [orc/mace (1)]
  3097 | D:5      | HP: 1/66 [orc/mace (2)]
  3105 | D:5      | Noticed Menkaure
  3112 | D:5      | HP: 3/66 [Menkaure/nerve-wracking pain (13)]
  3127 | D:5      | Slain by Menkaure

Skill      XL: |  1  2  3  4  5  6  7 |
---------------+----------------------+-----
Unarmed Combat | 4 5 6 8 9 |  9.1
Fighting       | |  2.4
Dodging        | |  2.4
Stealth        | |  1.0

Action                   |  1- 3 |  4- 6 |  7- 9 || total
-------------------------+-------+-------+-------++-------
Melee: Unarmed           |    87 |   192 |    76 ||   355
       Punch             |     7 |     4 |     1 ||    12
  Use: Potion            |       |       |     2 ||     2
       Scroll            |       |       |     1 ||     1
 Stab: Sleeping          |       |     6 |       ||     6
  Eat: Chunk             |    13 |    17 |     4 ||    34
Armor: Robe              |    49 |    57 |    23 ||   129
Dodge: Dodged            |    45 |    90 |    34 ||   169

Vault maps used:
D:1:      dpeg_arrival_rooms_a, fountainhead, corner_web_ring
D:2:      yredelemnul_altar_generic, nicolae_ru_path_of_blood, uniq_jessica
D:3:      grunt_ministairs_2, minmay_distorted
D:4:      tgw_xom, first_ration
D:5:      gup_sewer_entry_glass, uniq_pikel, uniq_menkaure
